 Dungeon Crawl Stone Soup version 0.29-a0-878-g7b45a56547 (webtiles) character file.

Game seed: 12520147007322911401

10162 siradein the Summoner (level 11, 0/93 HPs)
             Began as a Naga Summoner on July 19, 2022.
             Was a High Priest of Cheibriados.
             Slain by a boulder beetle (36 damage)
             ... on level 11 of the Dungeon on July 20, 2022.
             The game lasted 01:12:37 (12945 turns).

siradein the Summoner (Naga Summoner)              Turns: 12945, Time: 01:12:38

Health: 0/93       AC:  6    Str: 24    XL:     11   Next: 57%
Magic:  11/24      EV: 12    Int: 31    God:    Cheibriados [*****.]
Gold:   441        SH:  5    Dex: 23    Spells: 5/29 levels left

rFire   + . .      SeeInvis +   z - +3 spear (freeze)
rCold   . . .      Faith    .   (no shield)
rNeg    . . .      Spirit   .   q - +1 robe {Archmagi}
rPois   +          Reflect  +   c - +0 helmet
rElec   .          Harm     .   (no cloak)
rCorr   .          Rampage  .   (no gloves)
Will    +....      Archmagi +   (no barding)
Stlth   ++++......              N - amulet of reflection
HPRegen 0.25/turn               h - ring of protection from fire
MPRegen 0.19/turn               K - ring of flight

@: flying, slowed, very slow
A: AC +3, large, see invisible, deformed body, poison resistance, slowness 2,
spit poison 1, naga tail 1
a: Spit Poison, Renounce Religion, Bend Time, Temporal Distortion, Slouch, Step
From Time


You were on level 11 of the Dungeon.
You worshipped Cheibriados.
Cheibriados was extremely pleased with you.
You visited 2 branches of the dungeon, and saw 12 of its levels.
You also visited: Ossuary.

You collected 558 gold pieces.
You spent 117 gold pieces at shops.

Inventory:

Hand Weapons
 z - a +3 spear of freezing (weapon)
 F - the +11 sling "Hucly" {flame, *Corrode Str+4 Int+2}
   (You found it on level 6 of the Dungeon)

   Any ammunition fired from it burns those it strikes, dealing additional fire
   damage.
   Str:       It affects your strength (+4).
   Int:       It affects your intelligence (+2).
   *Corrode:  It may corrode you when you take damage.
Missiles
 L - a throwing net
Armour
 a - the +5 ring mail of Wu Jian's Condemnation {*Slow rPois Int+8 SInv}
   (You found it on level 2 of the Dungeon)

   Int:       It affects your intelligence (+8).
   rPois:     It protects you from poison.
   SInv:      It lets you see invisible.
   *Slow:     It may slow you when you take damage.
 c - a +0 helmet (worn)
 q - a +1 robe of the Archmagi (worn)
Jewellery
 f - an amulet of guardian spirit
 h - a ring of protection from fire (left hand)
 I - a ring of protection from fire
 K - a ring of flight (right hand)
 N - an amulet of reflection (around neck)
Wands
 E - a wand of roots (32)
 H - a wand of paralysis (11)
Scrolls
 d - 3 scrolls of fog
 e - 6 scrolls of teleportation
 g - 3 scrolls of enchant armour {unknown}
 i - a scroll of magic mapping {unknown}
 j - 3 scrolls of fear
 o - 6 scrolls of immolation
 r - 3 scrolls of enchant weapon
 u - 2 scrolls of silence
 w - 3 scrolls of vulnerability
 y - 2 scrolls of blinking
 A - a scroll of amnesia {unknown}
 C - 2 scrolls of summoning
 M - a scroll of poison {unknown}
Potions
 b - 2 potions of magic
 k - 3 potions of might
 l - 7 potions of curing
 m - 3 potions of haste {unknown}
 n - a potion of invisibility {unknown}
 p - a potion of flight {unknown}
 s - 4 potions of mutation {unknown}
 t - 2 potions of cancellation {unknown}
 v - a potion of heal wounds
 x - 2 potions of brilliance {unknown}
 B - a potion of ambrosia {unknown}
 D - a potion of attraction {unknown}
 G - 2 potions of berserk rage {unknown}
 J - a potion of lignification {unknown}


   Skills:
 + Level 4.5 Fighting
 + Level 4.1 Dodging
 + Level 7.9 Stealth
 + Level 9.7 Spellcasting
 + Level 11.1 Summonings
 + Level 5.0 Invocations
 + Level 4.5 Evocations


You had 5 spell levels left.
You knew the following spells:

 Your Spells              Type           Power      Damage    Failure   Level
a - Summon Ice Beast      Ice/Summ       65%        N/A       3%          4
b - Call Imp              Summ           90%        N/A       1%          2
c - Call Canine Familiar  Summ           90%        N/A       1%          3
d - Summon Guardian Gole  Hex/Summ       65%        N/A       1%          3
e - Summon Lightning Spi  Summ/Air       65%        N/A       3%          4
f - Passwall              Tmut/Erth      18%        N/A       4%          2
g - Summon Small Mammal   Summ           100%       N/A       1%          1
h - Summon Mana Viper     Hex/Summ       65%        N/A       10%         5

Your spell library contained the following spells:

 Spells                   Type           Power      Damage    Failure   Level
 Sandblast                Erth           44%        2d11      3%          1
 Dazzling Flash           Conj/Hex       44%        N/A       10%         3
 Gell's Gravitas          Tloc           22%        N/A       10%         3
 Lesser Beckoning         Tloc           22%        N/A       10%         3
 Ozocubu's Armour         Ice            22%        N/A       10%         3
 Stone Arrow              Conj/Erth      44%        3d9       10%         3
 Teleport Other           Tloc           22%        N/A       10%         3
 Cause Fear               Hex            11%        N/A       32%         4
 Agony                    Necr           22%        N/A       67%         5
 Silence                  Hex/Air        11%        N/A       67%         5
 Monstrous Menagerie      Summ           45%        N/A       30%         7
 Dragon Form              Tmut           11%        N/A       100%        7
 Ozocubu's Refrigeration  Ice            11%        4d7       100%        7
 Dragon's Call            Summ           45%        N/A       100%        9


Dungeon Overview and Level Annotations

Branches:
Dungeon (11/15)            Temple (1/1) D:5            Lair (0/5) D:8
    Orc (0/2) D:10        Ossuary (visited)

Altars:
Ashenzari
Cheibriados
Dithmenos
Elyvilon
Fedhas
Gozag
Hepliaklqana
Kikubaaqudgha
Makhleb
Nemelex Xobeh
Okawaru
Qazlal
Ru
Sif Muna
Trog
Uskayaw
Wu Jian
Yredelemnul
Zin
The Shining One

Shops:
D:3 !   D:6 =


Innate Abilities, Weirdness & Mutations

Your serpentine skin is tough. (AC +3)
You have supernaturally acute eyesight. (SInv)
Armour fits poorly on your strangely shaped body.
Your system is resistant to poisons. (rPois)
You cover ground very slowly.
You can spit poison.
You have a snake-like lower body.


Message History

The puff of frost hits the wraith.
The wraith resists.
The wraith closely misses your white imp.
Your white imp barely misses the boulder beetle.
Your warg barely misses the boulder beetle.
Your white imp hits the boulder beetle but does no damage.
Your warg bites the boulder beetle but does no damage.
The boulder beetle leaps!
The wraith is engulfed in blazing flames.
Your white imp completely misses the wraith.
Your warg closely misses the wraith.
The wraith hits your white imp!
Unknown command.
Casting: Call Imp (safe; 1% risk of failure)
Confirm with . or Enter, or press ? or * to list all spells.
You feel a surge of power!
A guardian golem appears, shielding your allies.
Your white imp hits the wraith but does no damage.
The wraith hits your white imp.
Your white imp dies!
Your white imp disappears in a puff of smoke!
A yak comes into view.
Your warg bites the wraith!
The wraith is destroyed!
Cheibriados thoroughly appreciates the change of pace.
Casting: Summon Guardian Golem (safe; 1% risk of failure)
Confirm with . or Enter, or press ? or * to list all spells.
You feel a surge of power! A chill wind blows around you.
The boulder beetle leaps!
Unknown command.
Unknown command.
Your warg is no longer moving slowly.
A komodo dragon comes into view.
Your warg bites the boulder beetle!
Your ice beast hits the boulder beetle but does no damage.
The boulder beetle curls into a ball and begins rolling!
Your warg bites the boulder beetle but does no damage.
Your ice beast hits the boulder beetle.
Your ice beast freezes the boulder beetle!!
Your warg bites the boulder beetle but does no damage.
The boulder beetle hits you!!!
You die...

(....)......
...........
...........
l.........
.########§§.......
........#.........
........#.§.......
........##h#####.
........Y○B@...#
.........9Y.°..#
########.......#
#.......#
#.......#
#.......#
#.......#
#.......#
#.......#


You could see a boulder beetle (rolling, ally target), a komodo dragon, a yak, a
friendly guardian golem (summoned), a friendly warg (summoned, sheltered) and a
friendly ice beast (summoned, sheltered).

Vanquished Creatures
  4 phantoms
  A scorpion (D:4)
  A hound (D:4)
  An orc priest (D:10)
  A gnoll bouda (D:5)
  An iguana (D:5)
  2 orc wizards
  3 gnolls (D:4)
  5 adders
  2 orc zombies
  4 dart slugs
  9 orcs
  4 endoplasms (D:2)
  3 giant cockroaches
  4 goblins
  6 hobgoblins
  A jackal (D:2)
  5 ball pythons
  3 bats
  2 frilled lizards
  2 gnoll skeletons (Ossuary)
  A goblin skeleton (D:10)
  A goblin zombie (D:10)
  A hobgoblin zombie (D:10)
  A kobold (D:2)
  3 rats (D:1)
71 creatures vanquished.

Vanquished Creatures (collateral kills)
  A two-headed ogre (D:9)
  An unseen horror zombie (D:9)
  A troll (D:9)
  A hornet (D:10)
  A shadow (D:11)
  A wyvern (D:8)
  A vampire (D:10)
  The ghost of bigduke15 the Trooper, an amateur MiFi of the Shining One (D:4)
  2 wraiths (D:11)
  8 yaks
  Grum (D:10)
  Menkaure (D:7)
  3 orc warriors
  An ice beast (D:7)
  2 black bears
  2 wolves (D:10)
  2 ogres (D:6)
  7 centaurs
  A phantom (D:7)
  2 kobold brigands
  2 bullfrogs
  A necrophage (D:5)
  A wyvern zombie (D:9)
  2 scorpions (D:5)
  A water moccasin zombie (Ossuary)
  4 wights (D:9)
  A water moccasin skeleton (Ossuary)
  3 troll zombies (D:10)
  9 killer bees
  2 howler monkeys (D:8)
  A vampire bat (D:6)
  A centaur zombie (D:9)
  7 orc priests
  A jelly (D:6)
  A gnoll bouda (D:9)
  A hound (D:5)
  3 iguanas (D:5)
  Natasha (twice) (D:3)
  8 orc wizards
  2 scorpion zombies (Ossuary)
  3 ogre zombies (D:10)
  A hound skeleton (Ossuary)
  2 mummies
  2 howler monkey zombies (D:9)
  12 gnolls
  5 adders
  A gnoll zombie (Ossuary)
  A steam dragon skeleton (Ossuary)
  A white imp (D:7)
  2 iguana skeletons (Ossuary)
  A worm (D:3)
  A dart slug (D:3)
  27 orcs
  6 bats
  5 endoplasms
  3 giant cockroaches
  7 goblins
  3 hobgoblins (D:1)
  A jackal (D:2)
  A ball python (D:4)
  3 frilled lizards
  8 gnoll skeletons (Ossuary)
  3 goblin zombies (D:10)
  A hobgoblin skeleton (D:10)
  A hobgoblin zombie (D:10)
  19 kobolds
  4 kobold skeletons (Ossuary)
  15 orc skeletons
  10 orc zombies
  A rat (D:2)
243 creatures vanquished.

Vanquished Creatures (others)
  A two-headed ogre (D:8)
  5 yaks
  A wraith (Ossuary)
  An orc warrior (D:6)
  A centaur (D:6)
  A gnoll sergeant (D:10)
  A wight (D:9)
  2 killer bees (D:8)
  Natasha (D:3)
  2 orcs
  2 fungi (D:8)
  2 plants (D:8)
  2 withered plants (D:5)
22 creatures vanquished.

Grand Total: 336 creatures vanquished

Notes
Turn   | Place    | Note
-------+----------+-------------------------------------------
     0 | D:1      | siradein the Naga Summoner began the quest for the Orb.
     0 | D:1      | Reached XP level 1. HP: 15/15 MP: 3/3
   187 | D:1      | Reached XP level 2. HP: 22/22 MP: 5/5
   190 | D:1      | Learned a level 2 spell: Call Imp
   541 | D:1      | Reached XP level 3. HP: 28/28 MP: 3/6
   615 | D:1      | Learned a level 3 spell: Call Canine Familiar
   746 | D:2      | Found a faded altar of an unknown god.
   841 | D:2      | Identified the +0 ring mail of Hubris {Str+3}
   891 | D:2      | Identified the +5 ring mail of Wu Jian's Condemnation
                  | {*Slow rPois Int+8 SInv}
  1268 | D:2      | Noticed a black bear
  1277 | D:2      | Killed a black bear
  1278 | D:2      | Reached skill level 5 in Summonings
  1278 | D:2      | Reached XP level 4. HP: 35/36 MP: 6/9
  1278 | D:2      | Reached XP level 5. HP: 41/42 MP: 6/10
  1319 | D:2      | Learned a level 3 spell: Summon Guardian Golem
  1901 | D:3      | Found Teleb's Distillery.
  2274 | D:3      | Noticed Natasha
  2282 | D:3      | Killed Natasha
  2436 | D:3      | Reached XP level 6. HP: 49/49 MP: 9/12
  2467 | D:3      | Bought a potion of degeneration for 13 gold pieces
  2467 | D:3      | Bought a potion of curing for 39 gold pieces
  2467 | D:3      | Bought a potion of heal wounds for 65 gold pieces
  2533 | D:3      | Noticed Natasha
  2548 | D:3      | Killed Natasha
  2617 | D:3      | Noticed Natasha
  2643 | D:3      | Killed Natasha
  2732 | D:3      | Found a glowing golden altar of the Shining One.
  3015 | D:4      | Reached skill level 6 in Summonings
  3437 | D:4      | Found a sand-covered staircase.
  3444 | D:4      | Reached XP level 7. HP: 55/55 MP: 10/14
  3447 | Ossuary  | Entered an ossuary
  3447 | Ossuary  | Noticed a wraith
  3447 | Ossuary  | Noticed a wraith
  3447 | Ossuary  | Noticed a wraith
  3597 | Ossuary  | Reached skill level 5 in Spellcasting
  3806 | Ossuary  | Noticed a wraith
  3960 | Ossuary  | Killed a wraith
  3961 | Ossuary  | Reached skill level 7 in Summonings
  4315 | D:4      | Found a runed translucent door.
  4320 | D:4      | Noticed bigduke15's ghost (amateur MiFi)
  4337 | D:4      | Reached XP level 8. HP: 62/62 MP: 13/16
  4347 | D:4      | Learned a level 4 spell: Summon Lightning Spire
  4455 | D:4      | Identified the +6 falchion of Descent {venom, rPois rC+
                  | Will+}
  5240 | D:4      | Killed bigduke15's ghost
  5241 | D:4      | Reached skill level 8 in Summonings
  5305 | D:5      | Entered Level 5 of the Dungeon
  5557 | D:5      | Found a blossoming altar of Fedhas.
  5709 | D:5      | Found a staircase to the Ecumenical Temple.
  5733 | D:5      | Reached XP level 9. HP: 68/68 MP: 13/20
  5741 | Temple   | Entered the Ecumenical Temple
  5833 | Temple   | Became a worshipper of Cheibriados the Contemplative
  5885 | D:5      | Reached skill level 9 in Summonings
  6170 | D:5      | Found an ancient bone altar of Kikubaaqudgha.
  6202 | D:5      | You fall into a shaft and drop 2 floors!
  6230 | D:7      | Learned a level 2 spell: Passwall
  6526 | D:7      | Found a shadowy altar of Dithmenos.
  6547 | D:7      | Reached * piety under Cheibriados
  6667 | D:7      | Noticed Menkaure
  6674 | D:7      | Killed Menkaure
  6969 | D:6      | Identified the +11 sling "Hucly" {flame, *Corrode Str+4
                  | Int+2}
  7033 | D:6      | Found Jelerrybi's Jewellery Boutique.
  7367 | D:6      | Reached skill level 10 in Summonings
  7404 | D:6      | Reached ** piety under Cheibriados
  7759 | D:6      | Reached skill level 1 in Fighting
  7759 | D:6      | Reached skill level 1 in Invocations
  7960 | D:5      | Reached skill level 1 in Evocations
  8826 | D:8      | Reached XP level 10. HP: 55/79 MP: 16/22
  9088 | D:8      | Noticed a two-headed ogre
  9101 | D:8      | Killed a two-headed ogre
  9102 | D:8      | Reached skill level 5 in Stealth
  9251 | D:8      | Upgraded the game from 0.29-a0-876-gfc89b1a5bd to
                  | 0.29-a0-878-g7b45a56547
  9345 | D:8      | Reached *** piety under Cheibriados
  9491 | D:8      | Found a staircase to the Lair.
  9563 | D:8      | Learned a level 4 spell: Summon Ice Beast
  9569 | D:8      | Learned a level 5 spell: Summon Mana Viper
  9799 | D:8      | Found a stormy altar of Qazlal.
  9801 | D:8      | Found a hide-covered altar of Uskayaw.
  9853 | D:9      | Noticed a two-headed ogre
  9858 | D:9      | Killed a two-headed ogre
 10206 | D:9      | Reached **** piety under Cheibriados
 10210 | D:9      | Reached XP level 11. HP: 90/90 MP: 14/24
 10827 | D:9      | Identified the +1 robe of the Well-Known Priests {-Cast rF+
                  | rN++ Slay+5}
 11093 | D:10     | Entered Level 10 of the Dungeon
 11133 | D:10     | Reached ***** piety under Cheibriados
 11280 | D:10     | Noticed Grum
 11288 | D:10     | Killed Grum
 11289 | D:10     | Reached skill level 11 in Summonings
 11516 | D:10     | Found a white marble altar of Elyvilon.
 11797 | D:10     | Found a staircase to the Orcish Mines.
 12767 | D:11     | Reached skill level 5 in Invocations
 12936 | D:11     | Noticed a boulder beetle
 12945 | D:11     | Slain by a boulder beetle

Illustrated notes

Levels and vault maps discovered:
D:1:      dpeg_arrival_water_temple_mockup, layout_basic,
          chequers_serial_rivers_micro_b
D:2:      cheibrodos_pilgrimage, layout_basic, basic_ecumenical_altar,
          minmay_pentomino_o2
D:3:      layout_basic, tso_altar, serial_shops, nicolae_shop_hallway_stairs,
          uniq_natasha
D:4:      layout_loops_corners, ebering_ghost_sewer_d,
          gup_ossuary_entry_pyramid, kennysheep_generic_room_12
D:5:      layout_basic, kiku_gazebo_garden_becter, fedhas_altar_1,
          minmay_temple_entry_waves
D:6:      layout_rooms, serial_shops, shop, dk_noncrumbling_4,
          kennysheep_pointless_box, hellmonk_bongcloud_opening, roderic_batcave
D:7:      layout_basic, grunt_dithmenos_shadows, uniq_menkaure
D:8:      layout_loops_ring, nicolae_overflow_hidden_temple, dpeg_oklobed_lair
D:9:      layout_rooms, serial_undead, serial_undead_d, serial_undead_a,
          serial_undead_c, serial_undead_e, minmay_misc_feat_x
D:10:     layout_stronghold, kennysheep_mini_moat, zombieorc1_lemuel,
          small_statue_intersection, uniq_grum
D:11:     layout_gridville
Temple:   nicolae_temple_god_jail

Skill      XL: |  1  2  3  4  5  6  7  8  9 10 11 |
---------------+----------------------------------+-----
Spellcasting   | 3 4 5 7 8 9 |  9.7
Summonings     | 5 6 7 8 10 11 | 11.1
Fighting       | 1 3 4 |  4.5
Invocations    | 1 4 5 |  5.0
Evocations     | 1 3 4 |  4.5
Dodging        | 2 3 4 |  4.1
Stealth        | 4 6 7 |  7.9

Action                   |  1- 3 |  4- 6 |  7- 9 | 10-12 || total
-------------------------+-------+-------+-------+-------++-------
Melee: Unarmed           |    25 |       |       |       ||    25
       Falchion          |     1 |       |       |       ||     1
       Short sword       |       |    28 |    76 |    19 ||   123
       Punch             |       |     1 |     3 |       ||     4
       Spear             |       |       |       |    42 ||    42
 Fire: Sling             |       |       |    22 |       ||    22
 Cast: Summon Small Mamm |     5 |       |     2 |       ||     7
       Call Imp          |    15 |     4 |     8 |     6 ||    33
       Call Canine Famil |       |    17 |    40 |    34 ||    91
       Summon Guardian G |       |     2 |    15 |    20 ||    37
       Passwall          |       |       |     1 |       ||     1
       Summon Ice Beast  |       |       |       |    27 ||    27
 Abil: Spit Poison       |    26 |    28 |    11 |       ||    65
  Use: Scroll            |       |       |     9 |     2 ||    11
 Stab: Distracted        |       |       |     1 |     1 ||     2
       Sleeping          |       |       |       |     1 ||     1
Armor: Robe              |     7 |    19 |    59 |    27 ||   112
       Ring mail         |     9 |       |       |       ||     9
Dodge: Dodged            |    18 |    15 |    69 |    57 ||   159
Block: Other             |       |       |       |     3 ||     3
       Reflection        |       |       |       |     2 ||     2

Table legend: (Time is in decaauts)
 A = Elapsed time spent in this place.
 B = Non-inter-level travel time spent in this place.
 C = Inter-level travel time spent in this place.
 D = Time resting spent in this place.
 E = Time spent auto-exploring this place.
 F = Levels seen in this place.
 G = Mean time per level.
                   A        B        C        D        E       F      G
               +--------+--------+--------+--------+--------+-----+--------+
         Total |  18998 |  18378 |    620 |    758 |  14478 |  13 | 1461.4 |
       Dungeon |  18005 |  17452 |    553 |    597 |  14065 |  11 | 1636.8 |
        Temple |    146 |     80 |     66 |      0 |     61 |   1 |  146.0 |
       Ossuary |    846 |    846 |      0 |    161 |    351 |   1 |  846.0 |
               +--------+--------+--------+--------+--------+-----+--------+

Top non-repeatable levels by time:
    D:10: 3261 daAuts
     D:4: 1932 daAuts
     D:9: 1833 daAuts
     D:7: 1806 daAuts
     D:5: 1806 daAuts
     D:8: 1715 daAuts
     D:6: 1696 daAuts
     D:3: 1507 daAuts
     D:2: 1257 daAuts
     D:1: 930 daAuts
 Ossuary: 846 daAuts
    D:11: 255 daAuts
  Temple: 146 daAuts
